 Dungeon Crawl Stone Soup version 0.21.1-1-g345015f (webtiles) character file.

63 vatarom the Fighter (level 4, -1/48 HPs)
             Began as a Gnoll Wanderer on Apr 3, 2018.
             Slain by an adder (2 damage)
             ... on level 2 of the Dungeon.
             The game lasted 00:02:41 (1052 turns).

vatarom the Fighter (Gnoll Wanderer)                Turns: 1052, Time: 00:02:41

Health: -1/48      AC:  2    Str: 14    XL:     4   Next: 10%
Magic:  5/5        EV: 12    Int: 13    God:
Gold:   118        SH:  0    Dex: 17    Spells: 5/5 levels left

rFire    . . .     SeeInvis .   c - +0 quarterstaff
rCold    . . .     Gourm    .   (shield currently unavailable)
rNeg     . . .     Faith    .   e - +0 robe
rPois    .         Spirit   .   (no helmet)
rElec    .         Reflect  .   (no cloak)
rCorr    .         Harm     .   (no gloves)
MR       .....                  (no boots)
Stlth    +++.......             (no amulet)
HPRegen  0.16/turn              (no ring)
MPRegen  0.09/turn              (no ring)

@: no status effects
A: distributed training, fangs 1, strong nose
a: no special abilities


You were on level 2 of the Dungeon.
You were hungry.

You visited 1 branch of the dungeon, and saw 2 of its levels.

You collected 118 gold pieces.

Inventory:

Hand Weapons
 b - a +2 blowgun
 c - a +0 quarterstaff (weapon)
 f - a +0 dagger
Missiles
 a - a curare-tipped needle
Armour
 e - a +0 robe (worn)
Scrolls
 j - 5 scrolls of identify {unknown}
 m - a scroll of teleportation {unknown}
 n - a scroll of enchant armour {unknown}
 p - a scroll of noise {unknown}
Potions
 h - a potion of heal wounds {unknown}
 i - a potion of might {unknown}
 l - a potion of invisibility {unknown}
Comestibles
 g - 5 rations
 o - 2 chunks of flesh


   Skills:
 + Level 10.3 Fighting
 + Level 1.0 Short Blades
 + Level 1.0 Long Blades
 + Level 1.0 Axes
 + Level 1.0 Maces & Flails
 + Level 1.0 Polearms
 + Level 2.7 Staves
 + Level 1.0 Slings
 + Level 2.7 Bows
 + Level 1.0 Crossbows
 + Level 2.7 Throwing
 + Level 1.0 Armour
 + Level 1.0 Dodging
 + Level 4.2 Stealth
 + Level 1.0 Shields
 + Level 1.0 Unarmed Combat
 + Level 1.0 Spellcasting
 + Level 0.7 Conjurations
 + Level 0.7 Hexes
 + Level 0.7 Charms
 + Level 0.7 Summonings
 + Level 0.7 Necromancy
 + Level 0.7 Translocations
 + Level 0.7 Transmutations
 + Level 0.7 Fire Magic
 + Level 0.7 Ice Magic
 + Level 0.7 Air Magic
 + Level 0.7 Earth Magic
 + Level 0.7 Poison Magic
 + Level 1.1 Invocations
 + Level 1.0 Evocations


You had 5 spell levels left.
You didn't know any spells.

Dungeon Overview and Level Annotations

Branches:
Dungeon (2/15)

Altars:


Innate Abilities, Weirdness & Mutations

Your experience applies equally to all skills.
You have very sharp teeth.
Your uncanny sense of smell can sniff out nearby items.


Message History

You sock the adder!
The adder is severely wounded.
The adder closely misses you. The adder barely misses you.
You miss the adder.
The adder is severely wounded.
The adder barely misses you. The adder bites you.
* * * LOW HITPOINT WARNING * * *
You are poisoned.
The adder poisons you! The adder misses you. The adder bites you.
* * * LOW HITPOINT WARNING * * *
You feel better. The adder bites you.
* * * LOW HITPOINT WARNING * * *
The adder completely misses you.
Unknown command.
You closely miss the adder. Your bite misses the adder.
The adder is severely wounded.
The adder bites you.
* * * LOW HITPOINT WARNING * * *
The adder bites you.
You die...

#.......# ..≈≈≈...#
####.....+#######.#
#.#####....###.#
..# #.....##.#
#.....##.#
#.....##.#
#....!(#.#
.......#S#.#
...%...#@#.#
......##.S.# ......
##......# .#####
#....### #$..(..# ∆
#...##.# #.... .#
###... # ..#.


You could see 2 adders.

Vanquished Creatures
  2 adders (D:2)
  An ooze (D:1)
  2 leopard geckos (D:1)
  4 giant cockroaches
  4 goblins
  7 hobgoblins (D:1)
  4 kobolds
  8 bats
  2 frilled lizards
  5 rats
39 creatures vanquished.

Notes
Turn   | Place    | Note
-------+----------+-------------------------------------------
     0 | D:1      | Reached skill level 10 in Fighting
     0 | D:1      | vatarom the Gnoll Wanderer began the quest for the Orb.
     0 | D:1      | vatarom set off with: 4 curare-tipped needles, a +2 blowgun, a +0 quarterstaff, a potion of curing, a +0 robe, a +0 dagger, a ration
     0 | D:1      | Reached XP level 1. HP: 28/28 MP: 1/1
   140 | D:1      | Reached XP level 2. HP: 27/36 MP: 2/2
   406 | D:1      | Reached XP level 3. HP: 42/42 MP: 3/3
   917 | D:2      | Reached skill level 1 in Invocations
   974 | D:2      | Reached skill level 1 in Short Blades
   974 | D:2      | Reached skill level 1 in Long Blades
   974 | D:2      | Reached skill level 1 in Axes
   974 | D:2      | Reached skill level 1 in Maces & Flails
   974 | D:2      | Reached skill level 1 in Polearms
   974 | D:2      | Reached skill level 1 in Slings
   974 | D:2      | Reached skill level 1 in Crossbows
   974 | D:2      | Reached skill level 1 in Armour
   974 | D:2      | Reached skill level 1 in Dodging
   974 | D:2      | Reached skill level 1 in Shields
   974 | D:2      | Reached skill level 1 in Unarmed Combat
   974 | D:2      | Reached skill level 1 in Spellcasting
   974 | D:2      | Reached skill level 1 in Evocations
   990 | D:2      | Reached XP level 4. HP: 35/48 MP: 5/5
  1050 | D:2      | HP: 1/48 [adder (5)]
  1052 | D:2      | Slain by an adder

Skill      XL: |  1  2  3 |
---------------+----------+-----
Fighting       | | 10.3
Invocations    | 1 |  1.1
Short Blades   | 1 |  1.0
Long Blades    | 1 |  1.0
Axes           | 1 |  1.0
Maces & Flails | 1 |  1.0
Polearms       | 1 |  1.0
Slings         | 1 |  1.0
Crossbows      | 1 |  1.0
Armour         | 1 |  1.0
Dodging        | 1 |  1.0
Shields        | 1 |  1.0
Unarmed Combat | 1 |  1.0
Spellcasting   | 1 |  1.0
Evocations     | 1 |  1.0
Staves         | |  2.7
Bows           | |  2.7
Throwing       | |  2.7
Stealth        | |  4.2
Conjurations   | |  0.7
Hexes          | |  0.7
Charms         | |  0.7
Summonings     | |  0.7
Necromancy     | |  0.7
Translocations | |  0.7
Transmutations | |  0.7
Fire Magic     | |  0.7
Ice Magic      | |  0.7
Air Magic      | |  0.7
Earth Magic    | |  0.7
Poison Magic   | |  0.7

Action                   |  1- 3 |  4- 6 || total
-------------------------+-------+-------++-------
Melee: Quarterstaff      |    64 |    14 ||    78
       Bite              |     6 |       ||     6
 Fire: Blowgun           |       |     3 ||     3
Throw: Javelin           |     2 |     2 ||     4
  Use: Potion            |       |     3 ||     3
 Stab: Sleeping          |     9 |       ||     9
Armor: Robe              |    16 |     6 ||    22
Dodge: Dodged            |    51 |    21 ||    72
